Map: Crête de Lerilak

Players

AjiRa

  • Race: Zerg Zerg
  • League: Master

eDen - Winner!

  • Race: Terran Terran
  • League: Master

VOD

Have the link to the VOD?

Description

Time

  • Played on: Dec. 28, 2015, 12:30 p.m.
  • Length: 15:20
Show
View Real Time Build Order
Export as new Build Order

AjiRa Zerg 

Build Orders: Hatch First 

Get SALT Encoding   

  12  0:00  Drone  
  13  0:08  Drone  
  14  0:16  Overlord  
  14  0:22  Extractor  
  14  0:23  Drone  
  15  0:35  Drone x2  
  17  0:54  Hatchery  
  16  0:57  Drone  
  16  1:02  Drone  
  18  1:06  Drone  
  19  1:18  Spawning Pool  
  19  1:22  Drone  
  19  1:28  Drone  
  20  1:38  Extractor  
  20  1:39  Overlord  
  19  2:05  Queen, Zergling x4  
  19  2:07  Queen  
  25  2:12  Drone  
  26  2:15  Drone  
  26  2:19  Drone  
  28  2:35  Drone x3  
  31  2:41  Queen  
  32  2:46  Queen  
  32  2:47  Overlord  
  32  2:50  Metabolic Boost  
  34  3:01  Extractor  
  34  3:04  Drone  
  34  3:07  Drone  
  34  3:08  Drone x3  
  38  3:20  Drone  
  38  3:21  Drone x2  
  38  3:23  Roach Warren  
  38  3:25  Extractor  
  39  3:33  Overlord  
  39  3:41  Hatchery  
  39  3:49  Drone x2  
  39  3:50  Drone  
  42  4:03  Drone  
  42  4:04  Lair  
  42  4:06  Spore Crawler  
  42  4:07  Roach x3  
  48  4:10  Drone  
  48  4:15  Drone x3  
  52  4:28  Spore Crawler, Drone  
  46  4:50  Drone, Queen  
  46  4:51  Drone x3  
  52  4:54  Queen  
  52  4:55  Drone  
  55  5:06  Glial Reconstitution  
  55  5:07  Drone  
  55  5:08  Drone x2  
  55  5:09  Overlord x3  
  55  5:12  Extractor  
  55  5:13  Extractor  
  56  5:14  Overseer  
  56  5:21  Drone x2  
  56  5:26  Roach  
  58  5:33  Drone  
  59  5:39  Roach x5  
  69  5:45  Drone  
  69  5:46  Drone x7  
  77  6:00  Roach x2  
  77  6:01  Overlord  
  77  6:02  Overlord  
  77  6:11  Evolution Chamber  
  77  6:12  Evolution Chamber  
  77  6:13  Ravager  
  77  6:14  Ravager x3  
  79  6:20  Zergling x2  
  79  6:22  Overseer  
  79  6:24  Queen  
  82  6:25  Drone  
  82  6:26  Drone x8  
  82  6:29  Extractor  
  82  6:30  Extractor  
  89  6:35  Drone x6  
  95  6:49  Drone  
  95  6:52  Zerg Missile Weapons Level 1  
  95  6:53  Zerg Ground Armor Level 1  
  96  7:01  Roach  
  98  7:21  Pneumatized Carapace  
  98  7:22  Overlord x2  
  98  7:23  Overlord x2  
  98  7:35  Hatchery  
  96  7:43  Drone x2  
  96  7:44  Hatchery, Drone  
  99  7:47  Roach x9  
  99  7:51  Infestation Pit  
  115  7:54  Ravager x2  
  115  7:55  Hatchery, Ravager  
  115  7:56  Extractor  
  116  7:59  Drone x2  
  116  8:00  Drone  
  116  8:01  Drone  
  120  8:20  Roach x4  
  120  8:24  Overlord  
  120  8:25  Overlord x4  
  128  8:28  Hive  
  128  8:43  Spore Crawler x2  
  128  8:45  Spore Crawler  
  128  8:47  Drone x3  
  128  8:52  Drone x2  
  128  8:53  Drone  
  131  9:09  Spine Crawler  
  130  9:10  Zerg Ground Armor Level 2  
  130  9:11  Spine Crawler, Zerg Melee Weapons Level 1  
  130  9:16  Queen  
  131  9:17  Drone  
  134  9:24  Roach x3  
  134  9:25  Roach x6  
  150  9:33  Drone x2  
  150  9:34  Drone  
  153  9:49  Spore Crawler  
  153  9:51  Queen  
  153  9:52  Extractor  
  153  9:53  Spore Crawler  
  153  9:57  Roach x13  
  178  10:01  Ravager x3  
  178  10:02  Ravager  
  178  10:06  Overlord x2, Adrenal Glands  
  182  10:11  Ultralisk Cavern  
  176  10:32  Roach  
  176  10:33  Roach x11  
  179  10:36  Drone x7  
  168  10:46  Zergling x2  
  168  10:47  Zergling x4  
  169  10:50  Queen  
  169  10:56  Drone  
  169  10:57  Drone x4  
  176  10:58  Drone x3, Queen  
  176  11:02  Chitinous Plating  
  162  11:31  Ultralisk x3  
  132  11:52  Ultralisk  
  132  11:53  Ultralisk  
  131  12:05  Zergling x2  
  131  12:06  Zergling x24  
  140  12:19  Zergling x2  
  140  12:20  Zergling x10  
  129  12:45  Zergling x6  
  129  12:46  Zergling x10  
  131  12:57  Zergling x14  
  116  13:16  Hatchery  
  116  13:17  Drone x3  
  116  13:27  Zergling x2  
  116  13:28  Zergling x16  
  101  13:43  Zergling x10  
  92  13:53  Zergling x10  
  74  14:19  Zergling x2  
  74  14:20  Zergling x16  
  74  14:33  Ultralisk  
  66  14:51  Zergling x2  
Show
View Real Time Build Order
Export as new Build Order

eDen Terran - Winner!

Build Orders: Reaper Expand, Bio Tank, MMM Bio 

Get SALT Encoding   

  12  0:00  SCV  
  13  0:13  SCV  
  14  0:17  Supply Depot  
  14  0:25  SCV  
  15  0:39  SCV, Barracks  
  16  0:45  Refinery  
  16  0:51  SCV  
  17  1:03  SCV  
  18  1:15  SCV  
  19  1:27  Orbital Command  
  19  1:30  Reaper  
  20  1:41  Command Center  
  20  1:52  Supply Depot, SCV  
  21  2:02  Marine  
  21  2:05  SCV  
  23  2:15  Factory  
  23  2:17  SCV  
  23  2:19  Refinery  
  24  2:25  Barracks Reactor  
  24  2:29  SCV  
  25  2:41  SCV  
  26  2:53  SCV  
  26  2:57  Orbital Command  
  27  3:00  Starport  
  27  3:05  SCV  
  28  3:08  Hellion x2, Marine  
  28  3:09  Bunker  
  33  3:17  SCV  
  34  3:20  Supply Depot  
  34  3:28  SCV  
  34  3:29  SCV  
  40  3:36  Marine, Widow Mine x2  
  40  3:40  SCV, Medivac  
  44  3:44  SCV  
  45  3:52  SCV  
  46  3:57  SCV  
  46  3:58  Barracks Tech Lab  
  47  4:03  Supply Depot  
  47  4:04  SCV  
  47  4:07  Liberator  
  47  4:08  Hellion x2  
  47  4:09  SCV  
  53  4:16  SCV  
  53  4:17  Supply Depot  
  54  4:19  Stimpack  
  54  4:24  SCV, Marine  
  54  4:27  Supply Depot  
  54  4:28  SCV  
  60  4:36  SCV  
  61  4:40  SCV  
  58  4:49  SCV  
  59  4:52  SCV  
  59  4:53  Barracks  
  59  4:54  Factory Tech Lab  
  59  4:55  Command Center  
  60  5:00  Marine  
  60  5:01  SCV  
  60  5:05  SCV  
  61  5:10  Starport Reactor  
  61  5:13  SCV  
  61  5:14  Siege Tank  
  65  5:15  Engineering Bay x2  
  65  5:17  SCV, Marine  
  67  5:25  SCV  
  67  5:27  Barracks  
  66  5:29  SCV, Refinery, Barracks  
  66  5:35  Marine  
  67  5:37  SCV  
  67  5:41  SCV, Marine x2  
  72  5:43  Terran Infantry Weapons Level 1, Terran Infantry Armor Level 1  
  72  5:49  SCV  
  73  5:50  Refinery  
  73  5:53  SCV  
  74  5:57  Barracks  
  74  6:01  SCV, Starport Reactor  
  75  6:05  SCV  
  75  6:08  Marine x2  
  75  6:09  Marine  
  80  6:11  Siege Tank  
  80  6:12  Orbital Command  
  80  6:16  Barracks Reactor  
  82  6:22  Combat Shields  
  82  6:26  Marine x3  
  82  6:28  Marine x2  
  82  6:31  Orbital Command  
  85  6:42  Medivac x2  
  85  6:43  Supply Depot  
  85  6:44  Supply Depot, Barracks Reactor, Marine x3  
  85  6:45  Marine  
  93  6:49  Supply Depot x2  
  93  6:54  Marine  
  93  6:57  SCV x3  
  97  7:02  Marine x2  
  97  7:05  Armory  
  97  7:07  Supply Depot  
  99  7:09  SCV x3  
  99  7:10  Refinery  
  99  7:11  Marauder  
  102  7:19  Marine x3  
  102  7:20  Siege Tank  
  102  7:21  SCV x3, Refinery  
  111  7:24  Supply Depot  
  111  7:32  Marine x3  
  111  7:33  SCV x3, Medivac, Marine  
  111  7:36  Marine  
  111  7:37  Marine  
  121  7:45  SCV  
  121  7:46  SCV  
  121  7:50  SCV  
  124  7:52  Supply Depot, Barracks  
  124  7:53  Barracks  
  124  7:54  Barracks  
  124  7:55  Siege Tank  
  127  8:02  Terran Infantry Weapons Level 2, Terran Infantry Armor Level 2  
  127  8:08  Marine x4  
  127  8:09  Marauder  
  133  8:14  Marine x3  
  133  8:17  Supply Depot  
  136  8:22  Medivac x2  
  136  8:24  Supply Depot  
  140  8:27  Siege Tank, Marine  
  140  8:32  Concussive Shells, Marine x2  
  140  8:33  Marauder  
  144  8:39  Marine x2  
  146  8:46  Marine x2  
  146  8:47  Marine x2  
  150  8:52  Medivac x2  
  150  8:55  Supply Depot  
  154  8:57  Marine  
  154  8:58  Marauder, Marine  
  158  9:04  Command Center, Barracks Reactor, Barracks Tech Lab x2  
  158  9:11  Sensor Tower  
  158  9:17  Marine  
  158  9:18  Marine  
  158  9:19  Marauder  
  164  9:24  Marauder x2  
  166  9:35  Marine x2  
  168  9:40  Marauder  
  168  9:44  Marine x4  
  176  9:45  Marauder  
  176  9:46  Marauder  
  178  9:54  Marine x2  
  178  9:56  Siege Tank  
  180  10:02  Marauder  
  181  10:15  Supply Depot, Medivac x2, Marine x3  
  181  10:16  Marauder x2  
  192  10:23  Marauder  
  192  10:25  Marine x2  
  182  10:32  Marine x3  
  182  10:34  Marine x4  
  182  10:35  Terran Infantry Weapons Level 3, Siege Tank  
  184  10:37  Marauder x2  
  183  10:45  Marauder, Marine x3  
  188  10:55  Marine x2  
  188  10:57  Marine  
  188  10:58  Marine x3  
  188  10:59  Medivac x2, Marauder x2  
  200  11:07  Siege Tank  
  199  11:17  Marauder, Marine x2  
  200  11:23  Marine  
  200  11:24  Marine  
  195  11:33  Marine  
  195  11:34  Marine x4  
  195  11:35  Marauder  
  187  11:48  Siege Tank, Marine x7  
  187  11:51  Marine x2  
  187  12:00  Marine x4  
  189  12:03  Planetary Fortress  
  189  12:07  Marauder x2  
  192  12:13  Marine x2  
  192  12:14  Marine  
  192  12:16  Marine x3  
  192  12:17  Medivac x2  
  198  12:28  Marauder  
  200  12:34  Ghost Academy  
  174  12:55  Marine x5  
  174  12:56  Marauder  
  161  13:02  Marine x6  
  161  13:03  Marine  
  147  13:08  Medivac x2  
  140  13:12  Marine  
  140  13:13  Marine x4  
  140  13:17  Marine  
  140  13:19  Siege Tank  
  147  13:20  Marine x3  
  147  13:21  Marauder  
  147  13:22  Terran Vehicle Weapons Level 1  
  144  13:38  Medivac x2  
  118  13:50  Marine x4  
  118  13:51  Marauder x3, Marine x2  
  124  13:58  Marine x3  
  124  13:59  Marine  
  127  14:05  Command Center  
  127  14:08  Medivac x2, Marine x4  
  134  14:10  Marine x2  
  134  14:12  Marine x3  
  134  14:16  Marine x4  
  140  14:25  Marine  
  140  14:26  Marine x3  
  140  14:27  Marine  
  140  14:28  Marine  
  140  14:29  Marine  
  140  14:30  Marauder x2  
  151  14:36  Marine x3  
  151  14:37  Siege Tank  
  157  14:48  Marauder  
  157  14:49  Medivac x2  
  157  14:52  Marauder  
  165  14:59  Marine x2  
Tags
 
Add a new tag
Caveats
  • Supply blocks, unpowered buildings, or Contaminate may cause inaccurate times.
  • Supply counts are checked every 10 seconds.